 Dungeon Crawl Stone Soup version 0.20.1-1-g8b1a95d (webtiles) character file.

224 vatarom the Gusty (level 5, 0/41 HPs)
             Began as a Draconian Air Elementalist on Oct 14, 2017.
             Killed from afar by an orc wizard (5 damage)
             ... with a puff of frost
             ... on level 3 of the Dungeon.
             The game lasted 00:13:12 (4717 turns).

vatarom the Gusty (Draconian Air Elementalist)      Turns: 4717, Time: 00:13:12

Health: 0/41       AC:  5    Str: 13 (15) XL:     5   Next: 67%
Magic:  4/9        EV: 12    Int: 13 (16) God:
Gold:   136        SH:  0    Dex: 10 (12) Spells: 0/10 levels left

rFire    . . .     SeeInvis .   j - +0 flail
rCold    . . .     Gourm    .   (no shield)
rNeg     . . .     Faith    .   (armour unavailable)
rPois    .         Spirit   .   (helmet restricted)
rElec    .         Reflect  .   (no cloak)
rCorr    .         Harm     .   (no gloves)
MR       .....                  (no boots)
Stlth    ++........             (no amulet)
Regen    0.2/turn               h - +5 ring of strength
MPRegen  0.2/turn               (no ring)

@: very slightly contaminated
A: unfitting armour, cold-blooded, AC +5
a: no special abilities


You were on level 3 of the Dungeon.
You were hungry.

You visited 1 branch of the dungeon, and saw 4 of its levels.

You collected 136 gold pieces.

Inventory:

Hand Weapons
 f - a +0 dagger
 j - a +0 flail (weapon)
Jewellery
 h - a +5 ring of strength (left hand)
Scrolls
 c - 5 scrolls of remove curse
 d - 5 scrolls of identify
 e - a scroll of immolation
 g - a scroll of amnesia
Potions
 k - a potion of brilliance
Books
 a - a book of Air

   Spells                             Type                      Level
   a - Shock                          Conjuration/Air              1
   b - Swiftness                      Charms/Air                   2
   c - Static Discharge               Conjuration/Air              3
   d - Airstrike                      Air                          4
   e - Lightning Bolt                 Conjuration/Air              5
Comestibles
 b - a bread ration
 l - a royal jelly


   Skills:
 + Level 2.1 Fighting
 - Level 1.7 Dodging
 - Level 1.7 Stealth
 + Level 3.0 Spellcasting
 + Level 2.7 Conjurations
 * Level 4.6 Air Magic


You couldn't memorise any spells.
You knew the following spells:

 Your Spells              Type           Power        Failure   Level  Hunger
a - Shock                 Conj/Air       ##..         4%          1    #......
b - Swiftness             Chrm/Air       #.......     13%         2    ##.....
c - Static Discharge      Conj/Air       ##......     16%         3    ###....
d - Airstrike             Air            ##........   32%         4    #####..


Dungeon Overview and Level Annotations

Branches:
Dungeon (4/15)
 Temple: D:4-7

Altars:
Ashenzari
Kikubaaqudgha

Annotations:
D:3 Purgy


Innate Abilities, Weirdness & Mutations

Your plain brown scales are hard. (AC +5)
You cannot fit into any form of body armour.
You are cold-blooded and may be slowed by cold attacks.


Message History

The orc wizard seems to speed up.
You are feeling hungry.
The orc wizard points at you and mumbles some strange words.
The magic dart hits you!
The orc wizard casts a spell.
The orc wizard flickers and vanishes!
Deactivating autopickup; reactivate with Ctrl-A.
A puff of flame appears from out of thin air!
The puff of flame hits you!
* * * LOW HITPOINT WARNING * * *
There is an open door here.
You close the door.
Something unseen opens the door.
A puff of flame appears from out of thin air!
The puff of flame hits you!
* * * LOW HITPOINT WARNING * * *
Okay, then.
A puff of frost appears from out of thin air!
The puff of frost hits you!
You die...

#.#####.#......#.#..(.........#
#.# #.#......#.#........#.###
#.# #.#......#.#........#.# #
#.# #.#.....##.#........#.# #
#.# #.#........#........#.# #
#.# #.#.#........#..#####.# #
#.#####.#.#.............###.# #
........#......#.[..(.....#.# #
#######.'......#@######.#.#.# #
#.#......#.# #...#.#.# #
#.'......#.# #.#.#.#.# #
###......#.# #.###.#.# #
#......#.# #.#...#.# #
#......#!# #.#.###.# #
#.<....#.# #.#.# #.# #
########.# #.#.# #.# #.# #.#.#
#.#


There were no monsters in sight!

Vanquished Creatures
  Jessica (D:3)
  6 adders
  2 oozes (D:3)
  10 dart slugs
  3 worms
  A leopard gecko (D:1)
  2 orcs (D:3)
  6 giant cockroaches
  16 goblins
  10 hobgoblins
  7 jackals
  8 kobolds
  3 quokkas
  2 ball pythons (D:2)
  7 bats
  4 frilled lizards (D:1)
  14 rats
102 creatures vanquished.

Vanquished Creatures (others)
  A dart slug (D:3)
1 creature vanquished.

Grand Total: 103 creatures vanquished

Notes
Turn   | Place    | Note
-------+----------+-------------------------------------------
     0 | D:1      | vatarom the Draconian Air Elementalist began the quest for the Orb.
     0 | D:1      | Reached XP level 1. HP: 14/14 MP: 3/3
   484 | D:1      | Reached XP level 2. HP: 22/22 MP: 0/5
   685 | D:1      | Found a shattered altar of Ashenzari.
   940 | D:1      | Reached skill level 1 in Fighting
   984 | D:1      | Reached XP level 3. HP: 27/28 MP: 2/6
  1716 | D:2      | Learned a level 2 spell: Swiftness
  1720 | D:2      | Learned a level 3 spell: Static Discharge
  1829 | D:2      | Reached XP level 4. HP: 35/35 MP: 5/7
  1991 | D:2      | Reached skill level 4 in Air Magic
  3318 | D:3      | Reached XP level 5. HP: 35/41 MP: 4/8
  3414 | D:3      | Noticed Purgy
  3891 | D:3      | Noticed Jessica
  3895 | D:3      | Killed Jessica
  4094 | D:3      | Found an ancient bone altar of Kikubaaqudgha.
  4651 | D:3      | Learned a level 4 spell: Airstrike
  4717 | D:3      | Killed from afar by an orc wizard

Skill      XL: |  1  2  3  4  5 |
---------------+----------------+-----
Fighting       | 1 2 |  2.1
Conjurations   | 2 |  2.7
Air Magic      | 4 |  4.6
Spellcasting   | 3 |  3.0
Dodging        | |  1.7
Stealth        | |  1.7

Action                   |  1- 3 |  4- 6 || total
-------------------------+-------+-------++-------
Melee: Unarmed           |    33 |       ||    33
       Tailslap          |    12 |     5 ||    17
       Dagger            |    60 |    25 ||    85
       Flail             |       |    28 ||    28
 Cast: Shock             |    76 |   130 ||   206
       Static Discharge  |       |     8 ||     8
       Swiftness         |       |     1 ||     1
  Use: Scroll            |     5 |     1 ||     6
       Potion            |     1 |     7 ||     8
  Eat: Chunk             |     4 |     9 ||    13
       Royal jelly       |       |     1 ||     1
Armor: Skin              |    45 |    40 ||    85
Dodge: Dodged            |    95 |    70 ||   165
